 Dungeon Crawl Stone Soup version 0.22-a0-617-g6d95e9e505 (webtiles) character file.

18 Hercules1031 the Magician (level 2, -1/20 HPs)
             Began as a Demigod Wizard on July 12, 2018.
             Slain by a jackal (2 damage)
             ... on level 1 of the Dungeon.
             The game lasted 00:02:12 (317 turns).

Hercules1031 the Magician (Demigod Wizard)           Turns: 317, Time: 00:02:12

Health: -1/20      AC:  2    Str: 10    XL:     2   Next: 33%
Magic:  1/8        EV: 12    Int: 22    God:
Gold:   37         SH:  0    Dex: 14    Spells: 6/7 levels left

rFire    . . .     SeeInvis .   c - +2 short sword (drain)
rCold    . . .     Gourm    .   (no shield)
rNeg     . . .     Faith    .   a - +0 robe
rPois    .         Spirit   .   b - +0 hat
rElec    .         Reflect  .   (no cloak)
rCorr    .         Harm     .   (no gloves)
MR       .....                  (no boots)
Stlth    ++........             (no amulet)
HPRegen  0.06/turn              (no ring)
MPRegen  0.11/turn              (no ring)

@: very slightly contaminated
A: high mp 1
a: no special abilities


You were on level 1 of the Dungeon.
You were not hungry.

You visited 1 branch of the dungeon, and saw 1 of its levels.

You collected 37 gold pieces.

Inventory:

Hand Weapons
 c - a +2 short sword of draining (weapon)
Armour
 a - a +0 robe (worn)
 b - a +0 hat (worn)
 e - a +0 ring mail
Scrolls
 f - a scroll of fog {unknown}
Comestibles
 d - a ration


   Skills:
 + Level 0.2 Armour
 + Level 2.0 Dodging
 - Level 1.7 Stealth
 * Level 3.0 Spellcasting
 + Level 1.2 Conjurations
   Level 0.8 Summonings
   Level 0.8 Translocations


You had 6 spell levels left.
You knew the following spells:

 Your Spells              Type           Power        Failure   Level  Hunger
a - Magic Dart            Conj           #...         8%          1    None

Your spell library contained the following spells:

 Spells                   Type           Power        Failure   Level  Hunger
 Conjure Flame            Conj/Fire      #.......     28%         3    ###....
 Slow                     Hex            #.......     19%         2    ##.....
 Mephitic Cloud           Conj/Pois/Air  #.......     30%         3    ###....
 Blink                    Tloc           N/A          13%         2    ##.....
 Call Imp                 Summ           #.......     13%         2    ##.....


Dungeon Overview and Level Annotations

Branches:
Dungeon (1/15)


Innate Abilities, Weirdness & Mutations

You have an increased reservoir of magic. (+10% MP)


Message History

You closely miss the jackal. The jackal bites you.
* * * LOW HITPOINT WARNING * * *
The jackal bites you but does no damage. x2
The jackal closely misses you. The jackal barely misses you. x2
You puncture the jackal!
You kill the jackal!
The jackal bites you.
* * * LOW HITPOINT WARNING * * *
The jackal closely misses you. The jackal completely misses you.
The jackal bites you.
* * * LOW HITPOINT WARNING * * *
Casting: Magic Dart (safe; 8% risk of failure)
Confirm with . or Enter, or press ? or * to list all spells.
Aiming: Magic Dart (safe; 8% risk of failure)
Press: ? - help, Shift-Dir - straight line, f/p - jackal
Aim: a jackal (almost dead, heavily drained)
The magic dart hits the jackal.
You kill the jackal!
The jackal bites you.
You die...

+##. .....##+##
.........# ........#
.#######......#
.......#......##########
.......#......'.........
.......h......##########
.....††@........# #....#
.###...†.######.# #.##..
#.....# #.# #.####
#.....# #.###.....
.......# #.#.......
########### #†......##
##...##..## #.........
.....#...###........#
###.........##........#


You could see a jackal.

Vanquished Creatures
  2 dart slugs (D:1)
  A bat (D:1)
  A giant cockroach (D:1)
  3 jackals (D:1)
  3 goblins (D:1)
  2 kobolds (D:1)
  A rat (D:1)
13 creatures vanquished.

Notes
Turn   | Place    | Note
-------+----------+-------------------------------------------
     0 | D:1      | Hercules1031 the Demigod Wizard began the quest for the Orb.
     0 | D:1      | Reached XP level 1. HP: 14/14 MP: 6/6
    51 | D:1      | Reached skill level 1 in Conjurations
   273 | D:1      | Reached skill level 3 in Spellcasting
   273 | D:1      | Reached XP level 2. HP: 18/20 MP: 1/8
   316 | D:1      | HP: 1/20 [jackal (2)]
   317 | D:1      | Slain by a jackal

Vault maps used:
D:1:      enne_arrival_octagon_isle

Skill      XL: |  1 |
---------------+----+-----
Conjurations   | 1 |  1.2
Dodging        | 2 |  2.0
Spellcasting   | 3 |  3.0
Armour         | |  0.2
Stealth        | |  1.7
Summonings     | |  0.8
Translocations | |  0.8

Action                   || total
-------------------------++-------
Melee: Short sword       ||    16
 Cast: Magic Dart        ||    27
Armor: Robe              ||     6
Dodge: Dodged            ||    28

Table legend:
 A = Spawn XP
 B = Non-spawn XP
 C = Spawn XP percentage of total XP
 D = Spawn monster count
 E = Non-spawn monster count
 F = Spawn count percentage of total count
 G = Total turns spent on level
                    A         B        C        D         E        F      G
               +---------+---------+-------+---------+---------+-------+---------
         Total |       0 |      26 |   0.0 |       0 |      13 |   0.0 |   317
               +---------+---------+-------+---------+---------+-------+---------
           D:1 |       0 |      26 |   0.0 |       0 |      13 |   0.0 |   317
               +---------+---------+-------+---------+---------+-------+---------
